Map: Pillars of Gold LE

Players

TIME (Oliveira) - Winner!

  • Race: Terran Terran
  • League: Grandmaster
  • Spawn Location: 7:00

TYTY (TY)

  • Race: Terran Terran
  • League: Grandmaster
  • Spawn Location: 1:00

Event: DreamHack SC2 Masters 2020 Summer Season Finals

VOD

Have the link to the VOD?

Description

Time

  • Played on: July 16, 2020, 10:11 a.m.
  • Length: 8:37

All games in this series

Show
View Real Time Build Order
Export as new Build Order

TIME Terran - Winner!

Build Orders:  

Get SALT Encoding   

  12  0:00  SCV  
  13  0:13  SCV  
  14  0:18  Supply Depot  
  14  0:25  SCV  
  15  0:30  Refinery  
  15  0:39  SCV  
  16  0:45  Barracks  
  16  0:51  SCV  
  17  0:57  Refinery  
  17  1:03  SCV  
  18  1:16  SCV  
  19  1:32  Reaper, Orbital Command  
  20  1:40  Factory  
  20  1:53  Supply Depot  
  20  1:58  SCV  
  21  2:05  Reaper  
  22  2:10  SCV  
  23  2:22  SCV  
  24  2:23  Hellion  
  26  2:36  Command Center  
  26  2:38  SCV  
  26  2:41  Barracks Reactor  
  27  2:49  Starport  
  27  2:53  Factory Tech Lab  
  27  2:55  SCV  
  28  3:05  Supply Depot  
  28  3:11  Siege Tank  
  31  3:26  SCV, Marine x2  
  34  3:28  Medivac  
  36  3:38  SCV  
  37  3:44  Marine x2  
  37  3:48  Cyclone  
  42  3:50  Orbital Command  
  42  3:52  SCV  
  43  3:58  Refinery  
  43  3:59  Starport Tech Lab  
  43  4:03  Marine  
  43  4:05  Marine  
  43  4:07  SCV  
  46  4:15  SCV  
  47  4:19  SCV  
  48  4:24  Marine  
  48  4:31  SCV  
  47  4:35  Marine  
  45  4:41  SCV  
  45  4:42  Marine  
  47  4:46  SCV  
  48  4:54  Raven  
  50  5:02  Marine  
  50  5:03  SCV  
  50  5:05  SCV  
  53  5:09  Supply Depot  
  52  5:14  Siege Tank  
  54  5:29  Command Center  
  54  5:30  SCV x2  
  54  5:31  Supply Depot  
  56  5:42  SCV  
  57  5:43  SCV  
  57  5:49  Viking x2  
  62  5:51  Stimpack  
  62  5:52  Marine  
  62  5:54  SCV  
  62  5:55  SCV  
  65  6:00  Supply Depot  
  65  6:02  Siege Tank  
  68  6:06  SCV  
  68  6:10  SCV  
  66  6:19  SCV  
  66  6:21  Viking  
  66  6:22  Viking  
  71  6:27  Marine  
  71  6:28  SCV  
  71  6:31  SCV  
  74  6:36  Siege Tank  
  77  6:43  SCV  
  77  6:44  Orbital Command  
  79  6:47  SCV  
  79  6:52  Viking  
  81  6:58  Liberator  
  81  7:00  SCV  
  85  7:02  SCV  
  85  7:07  Refinery  
  86  7:10  Supply Depot  
  86  7:12  Siege Tank  
  89  7:17  SCV  
  89  7:19  SCV, Orbital Command  
  90  7:29  SCV  
  90  7:31  SCV  
  91  7:41  SCV  
  92  7:46  Viking x2, Siege Tank  
  92  7:48  SCV  
  100  7:52  Barracks  
  100  7:53  Barracks  
  98  8:07  SCV  
  99  8:15  Marine  
Show
View Real Time Build Order
Export as new Build Order

TYTY Terran 

Build Orders: Liberator Opening 

Get SALT Encoding   

  12  0:00  SCV  
  13  0:12  SCV  
  14  0:17  Supply Depot  
  14  0:24  SCV  
  15  0:28  Refinery  
  15  0:39  SCV  
  16  0:45  Barracks  
  16  0:51  SCV  
  16  0:56  Refinery  
  17  1:03  SCV  
  18  1:15  SCV  
  19  1:32  Factory  
  20  1:33  Orbital Command  
  20  1:36  Reaper  
  20  1:45  Supply Depot  
  20  1:59  SCV  
  21  2:08  Reaper  
  21  2:11  SCV  
  25  2:23  SCV  
  25  2:25  Command Center  
  25  2:29  Hellion  
  26  2:37  Starport  
  26  2:41  SCV  
  26  2:43  Barracks Reactor  
  27  2:49  Supply Depot  
  27  2:53  SCV  
  27  2:55  Widow Mine  
  30  3:05  SCV  
  31  3:14  Medivac  
  31  3:17  SCV  
  31  3:19  Marine x2  
  36  3:20  Factory Tech Lab  
  36  3:29  SCV  
  37  3:36  Marine  
  37  3:37  Marine  
  37  3:39  Orbital Command  
  39  3:42  Siege Tank  
  39  3:43  SCV  
  43  3:54  Marine x2  
  45  3:58  SCV  
  45  4:01  Liberator  
  49  4:04  SCV, Supply Depot  
  50  4:12  Marine  
  50  4:16  SCV  
  52  4:18  SCV  
  53  4:25  Siege Tank  
  53  4:28  SCV  
  56  4:34  SCV, Marine x2  
  54  4:42  SCV  
  54  4:44  Viking  
  57  4:48  Supply Depot  
  57  4:50  Supply Depot  
  57  4:58  Marine x2  
  54  5:02  SCV  
  54  5:07  Supply Depot  
  54  5:08  SCV, Supply Depot  
  52  5:14  SCV  
  52  5:19  Marine x2  
  52  5:20  SCV  
  56  5:26  SCV, Raven  
  59  5:30  Factory Tech Lab  
  59  5:32  SCV  
  60  5:37  Marine x2  
  60  5:38  SCV  
  60  5:41  Refinery  
  63  5:43  Barracks  
  63  5:44  SCV  
  63  5:48  Barracks  
  64  5:50  SCV  
  64  5:55  Siege Tank  
  68  5:57  Marine x2  
  68  5:58  SCV  
  68  6:02  SCV  
  72  6:10  SCV  
  67  6:14  SCV  
  64  6:22  SCV  
  64  6:23  Marine  
  64  6:24  Stimpack  
  64  6:25  Engineering Bay  
  63  6:26  SCV, Starport Reactor  
  64  6:34  Barracks Reactor, SCV  
  64  6:37  Supply Depot, Refinery  
  64  6:39  SCV  
  66  6:40  Marine  
  66  6:41  Marine  
  66  6:46  SCV, Marine  
  69  6:50  Barracks x2  
  69  6:51  SCV  
  71  6:58  SCV  
  71  7:00  Siege Tank  
  75  7:03  SCV  
  75  7:04  Marine x3  
  78  7:11  SCV  
  78  7:13  Supply Depot  
  78  7:14  Supply Depot, Marine  
  78  7:15  SCV, Marine  
  82  7:21  Medivac x2  
  82  7:22  Marine  
  87  7:23  SCV  
  87  7:24  Marine x2  
  87  7:27  SCV  
  90  7:32  Marine x2  
  90  7:33  Siege Tank  
  95  7:37  Marine x2  
  95  7:40  Marine  
  95  7:42  Marine x2  
  99  7:50  Marine x2  
  100  7:52  Medivac x2  
  100  7:55  Supply Depot x2, Marine x2  
  100  7:57  Marine  
  107  8:05  Marine x2  
  101  8:10  Marine x2  
  102  8:15  Marine x3  
  102  8:16  SCV  
Tags
 
Add a new tag
Caveats
  • Supply blocks, unpowered buildings, or Contaminate may cause inaccurate times.
  • Supply counts are checked every 10 seconds.